 Dungeon Crawl Stone Soup version 0.27-a0-1332-g84bddb5ca7 (webtiles) character file.

Game seed: 6798392504378997205

9 senseless the Bolt Thrower (level 2, -2/18 HPs)
             Began as a Kobold Hunter on June 25, 2021.
             Slain by a quokka (4 damage)
             ... on level 1 of the Dungeon.
             The game lasted 00:01:00 (424 turns).

senseless the Bolt Thrower (Kobold Hunter)           Turns: 424, Time: 00:01:00

Health: -2/18      AC:  3    Str:  9    XL:     2   Next: 25%
Magic:  2/2        EV: 14    Int: 12    God:
Gold:   18         SH:  0    Dex: 15    Spells: 1/1 levels left

rFire    . . .     SeeInvis .   b - +0 short sword
rCold    . . .     Faith    .   (shield restricted)
rNeg     . . .     Spirit   .   c - +0 leather armour
rPois    .         Reflect  .   (no helmet)
rElec    .         Harm     .   (no cloak)
rCorr    .         Rampage  .   (no gloves)
Will     .....                  (no boots)
Stlth    +++.......             (no amulet)
HPRegen  0.06/turn              (no ring)
MPRegen  0.08/turn              (no ring)

@: no status effects
A: small, no large weapons, nightstalker 3
a: no special abilities


You were on level 1 of the Dungeon.
You visited 1 branch of the dungeon, and saw 1 of its levels.

You collected 18 gold pieces.

Inventory:

Hand Weapons
 a - a +1 hand crossbow
 b - a +0 short sword (weapon)
Missiles
 d - 15 bolts
Armour
 c - a +0 leather armour (worn)
Scrolls
 e - a scroll of brand weapon {unknown}
Potions
 f - a potion of ambrosia {unknown}


   Skills:
 + Level 2.4 Fighting
 + Level 5.0 Crossbows
 + Level 2.7 Dodging
 + Level 2.0 Stealth


You had one spell level left.
You didn't know any spells.
Your spell library was empty.

Dungeon Overview and Level Annotations

Branches:
Dungeon (1/15)

Altars:


Innate Abilities, Weirdness & Mutations

You are small and have problems with some larger weapons.
You are completely attuned to the shadows.


Message History

The jackal is almost dead.
The jackal barely misses you.
The jackal bites you but does no damage.
The jackal closely misses you.
You hit the jackal.
You kill the jackal!
The jackal bites you. The jackal closely misses you.
Your Stealth skill increases to level 2!
You hit the jackal but do no damage.
A quokka comes into view.
The jackal bites you but does no damage.
The quokka moves out of view.
You closely miss the quokka. The jackal bites you. The quokka bites you.
The jackal bites you but does no damage.
The jackal bites you. The quokka closely misses you. The quokka misses you.
The jackal bites you but does no damage.
The jackal bites you.
You hit the jackal but do no damage. The jackal barely misses you.
The jackal completely misses you.
You hit the jackal.
The jackal is heavily wounded.
The jackal bites you but does no damage.
You hit the jackal.
You kill the jackal!
Your Crossbows skill increases to level 5!
You closely miss the quokka. The quokka bites you.
You closely miss the quokka.
The quokka bites you but does no damage.
You barely miss the quokka. The quokka barely misses you. The quokka bites you.
* * * LOW HITPOINT WARNING * * *
You miss the quokka. The quokka bites you.
* * * LOW HITPOINT WARNING * * *
You closely miss the quokka. The quokka bites you.
* * * LOW HITPOINT WARNING * * *
You closely miss the quokka.
The quokka bites you but does no damage.
The quokka barely misses you.
You completely miss the quokka. The quokka bites you.
You die...

#.# # # #.#.# (..
#.##.#.####.(.
##.#.........(#
.#.#.......†.......#
.....##.#...[......#
#...##.#...........
###..##.#.........##
.....@r...........#
####.##.#.........#
#.##+#.........#
########..............
..#......##............
#.#......##......
#.#......##......
#.#......###.....
#........'...>...


You could see a quokka.

Vanquished Creatures
  An endoplasm (D:1)
  4 jackals (D:1)
  A quokka (D:1)
  A kobold (D:1)
  A rat (D:1)
8 creatures vanquished.

Notes
Turn   | Place    | Note
-------+----------+-------------------------------------------
     0 | D:1      | senseless the Kobold Hunter began the quest for the Orb.
     0 | D:1      | Reached XP level 1. HP: 12/12 MP: 1/1
   394 | D:1      | Reached XP level 2. HP: 18/18 MP: 2/2
   418 | D:1      | Reached skill level 5 in Crossbows
   424 | D:1      | Slain by a quokka

Illustrated notes

Levels and vault maps discovered:
D:1:      wheals_arrival_linesprint, layout_basic,
          chequers_serial_rivers_micro_a

Skill      XL: |  1  2 |
---------------+-------+-----
Stealth        | 2 |  2.0
Crossbows      | 5 |  5.0
Fighting       | |  2.4
Dodging        | |  2.7

Action                   || total
-------------------------++-------
Melee: Short sword       ||    26
 Fire: Hand crossbow     ||    14
Armor: Leather armour    ||     8
Dodge: Dodged            ||    21

Table legend: (Time is in decaauts)
 A = Elapsed time spent in this place.
 B = Non-inter-level travel time spent in this place.
 C = Inter-level travel time spent in this place.
 D = Time resting spent in this place.
 E = Time spent auto-exploring this place.
 F = Levels seen in this place.
 G = Mean time per level.
                   A        B        C        D        E       F      G
               +--------+--------+--------+--------+--------+-----+--------+
         Total |    425 |    425 |      0 |      0 |    357 |   1 |  425.0 |
       Dungeon |    425 |    425 |      0 |      0 |    357 |   1 |  425.0 |
               +--------+--------+--------+--------+--------+-----+--------+

Top non-repeatable levels by time:
     D:1: 425 daAuts
